 Dungeon Crawl Stone Soup version 0.22.1-5-g62c59d919a (webtiles) character file.

29 Jerry the Skirmisher (level 3, -9/29 HPs)
             Began as a Demonspawn Chaos Knight on Jan 10, 2019.
             Mangled by a worm (11 damage)
             ... on level 1 of the Dungeon.
             The game lasted 00:02:11 (1133 turns).

Jerry the Skirmisher (Demonspawn Chaos Knight)      Turns: 1133, Time: 00:02:11

Health: -9/29      AC:  5    Str: 13    XL:     3   Next: 1%
Magic:  0/3        EV: 11    Int: 13    God:    Xom [......]
Gold:   21         SH:  0    Dex: 12    Spells: 2/2 levels left

rFire    . . .     SeeInvis .   a - +0 hand axe (chaos)
rCold    . . .     Gourm    .   (no shield)
rNeg     . . .     Faith    .   b - +2 leather armour
rPois    .         Spirit   +   (no helmet)
rElec    .         Reflect  .   (no cloak)
rCorr    .         Harm     .   (no gloves)
MR       .....                  (no boots)
Stlth    +.........             (no amulet)
HPRegen  0.09/turn              (no ring)
MPRegen  0.08/turn              (no ring)

@: no status effects
A: demonic guardian 1, magic shield
a: Renounce Religion


You were on level 1 of the Dungeon.
You worshipped Xom.
You were a very special plaything of Xom.
You were hungry.

You visited 1 branch of the dungeon, and saw 2 of its levels.

You collected 21 gold pieces.

Inventory:

Hand Weapons
 a - a +0 hand axe of chaos (weapon)
Armour
 b - a +2 leather armour (worn)
Jewellery
 g - an uncursed ring of protection from fire {unknown}
Scrolls
 d - a scroll of random uselessness {unknown}
 e - a scroll of enchant armour {unknown}
 h - a scroll of amnesia {unknown}
 i - a scroll of magic mapping {unknown}
Potions
 j - a potion of curing {unknown}
Comestibles
 c - 7 rations


   Skills:
 + Level 3.3 Fighting
 * Level 3.3 Axes
 + Level 2.2 Armour
 - Level 0.8 Dodging


You had 2 spell levels left.
You didn't know any spells.
Your spell library was empty.

Dungeon Overview and Level Annotations

Branches:
Dungeon (2/15)

Altars:


Innate Abilities, Weirdness & Mutations

A weak demonic guardian rushes to your aid.
When hurt, damage is shared between your health and your magic reserves.


Message History

You climb upwards.
Your summoned ally is left behind.
There is a stone staircase leading down here.
You hit the gnoll. You burn the gnoll.
The gnoll is lightly wounded.
Your leather armour prevents you from hitting the worm.
The gnoll hits you with a spear. The worm barely misses you.
The gnoll hits you but does no damage.
You hit the gnoll.
The gnoll is moderately wounded.
You barely miss the worm. The gnoll hits you with a spear!
You closely miss the gnoll.
The gnoll is moderately wounded.
You hit the worm but do no damage. The worm bites you! The gnoll misses you.
You closely miss the gnoll.
The gnoll is moderately wounded.
You hit the worm. Lightning courses through the worm!
The gnoll hits you with a spear!
* * * LOW HITPOINT WARNING * * *
The worm bites you!
You die...

.#.###..)......#.#
#.# .#.#
#..⌠...⌠..#.# #.#
...# #.........#.#
#.# ####
#.........#.# #.#
#####'#####.####
#.# #.#..........#
#.# #.##########.#
#.. #.# ####.####
### #.# #@w.....#
# #.#
#g#####.##########
#.#######.#
#...........
#.##......#
#.####......
#.##.####.# #.#
#...... #.##.#
#.#####.####......
#.##.##
#.................
#.....#
###.##.#####..)...
####..# #.##.#
#......


You could see a worm and a gnoll.

Vanquished Creatures
  A ball python (D:1)
  2 bats (D:1)
  3 giant cockroaches (D:1)
  2 goblins (D:1)
  4 hobgoblins
  4 jackals (D:1)
  3 frilled lizards (D:1)
  6 kobolds
  2 rats (D:1)
27 creatures vanquished.

Notes
Turn   | Place    | Note
-------+----------+-------------------------------------------
     0 | D:1      | Jerry the Demonspawn Chaos Knight began the quest for the
                  | Orb.
     0 | D:1      | Reached XP level 1. HP: 18/18 MP: 1/1
   127 | D:1      | Gained mutation: When hurt, damage is shared between your
                  | health and your magic reserves. [demonic ancestry]
   127 | D:1      | Reached XP level 2. HP: 24/24 MP: 2/2
   657 | D:1      | XOM: harmless Ice miscast
   825 | D:2      | XOM: confusion (+ monsters)
   871 | D:2      | Gained mutation: A weak demonic guardian rushes to your
                  | aid. [demonic ancestry]
   871 | D:2      | Reached XP level 3. HP: 26/29 MP: 1/3
   879 | D:2      | XOM: butterfly on damage
  1133 | D:1      | Mangled by a worm

Skill      XL: |  1  2 |
---------------+-------+-----
Axes           | 3 |  3.3
Armour         | 2 |  2.2
Fighting       | |  3.3
Dodging        | |  0.8

Action                   || total
-------------------------++-------
Melee: Hand axe          ||    86
 Stab: Distracted        ||     1
       Petrified         ||     1
       Paralysed         ||     1
Armor: Leather armour    ||    33
Dodge: Dodged            ||    57
